 Seeded DCSS version 0.31-a0-18-gea43df2a32 (webtiles) character file.

Game seed: 10976334159094553074 (custom seed)

8 Mickster the Chopper (level 2, 0/27 HPs)
             Began as a Minotaur Berserker on May 9, 2023.
             Was a Follower of Trog.
             Slain by a bat (1 damage)
             ... on level 1 of the Dungeon.
             The game lasted 00:00:43 (56 turns).

Mickster the Chopper (Minotaur Berserker)             Turns: 56, Time: 00:00:43

Health: 0/27       AC:  2    Str: 21    XL:     2   Next: 0%
Magic:  1/1        EV: 12    Int:  4    God:    Trog [*.....]
Gold:   15         SH:  0    Dex:  9    Spells: 1/1 levels left

rFire   . . .        a - +0 hand axe
rCold   . . .        (no shield)
rNeg    . . .        b - +0 animal skin
rPois   .            (helmet restricted)
rElec   .            (no cloak)
rCorr   .            (no gloves)
SInv    .            (no boots)
Will    .....        (no amulet)
Stlth   +            (no ring)
HPRegen 0.24/turn    (no ring)
MPRegen 0.07/turn

%: no passive effects
@: no status effects
A: horns 2, retaliatory headbutt
a: Renounce Religion, Berserk


You were on level 1 of the Dungeon.
You worshipped Trog.
Trog was aware of your devotion.
You visited 1 branch of the dungeon, and saw 1 of its levels.

You collected 15 gold pieces.

Inventory:

Hand Weapons
 a - a +0 hand axe (weapon)
Armour
 b - a +0 animal skin (worn)


   Skills:
 + Level 3.9 Fighting
 + Level 4.0 Axes
 + Level 2.5 Armour
 + Level 2.2 Dodging


You had one spell level left.
You didn't know any spells.
Your spell library was empty.

Dungeon Overview and Level Annotations

Branches:
Dungeon (1/15)

Altars:


Innate Abilities, Weirdness & Mutations

You have a pair of horns on your head.
You reflexively headbutt those who attack you in melee.


Message History

A hobgoblin comes into view.
The hobgoblin shouts!
A bat comes into view.
There is a stone staircase leading down here.
The endoplasm quivers.
You hit the goblin.
You kill the goblin!
Trog accepts your kill. The bat hits you but does no damage.
The hobgoblin hits you.
Things that are here:
a +0 dagger; a goblin corpse The bat closely misses you.
The hobgoblin hits you.
You barely miss the hobgoblin. You headbutt the hobgoblin.
The hobgoblin is severely wounded.
You barely miss the endoplasm. You barely miss the bat.
The bat closely misses you. The hobgoblin barely misses you.
The endoplasm hits you.
You slash the hobgoblin!
You kill the hobgoblin!
Trog accepts your kill.
You hit the endoplasm but do no damage. The bat hits you but does no damage.
The endoplasm hits you. The endoplasm closely misses you.
Your Axes skill increases to level 4!
You have reached level 2!
The endoplasm freezes you.
You are frozen.
* * * LOW HITPOINT WARNING * * *
The bat hits you.
* * * LOW HITPOINT WARNING * * *
You completely miss the endoplasm. You barely miss the bat.
The bat closely misses you. You furiously retaliate!
You headbutt the bat, but do no damage. The endoplasm freezes you.
You are frozen.
* * * LOW HITPOINT WARNING * * *
You hit the endoplasm.
The endoplasm is heavily wounded.
The bat hits you.
You die...

#.....#......
##............
#............#
#............#
+............#
#............#
#.....J.......
#...)b@.....#
#....>......#
+...........#
#.......(...#
#...........#
#...........##
#............#
#............# ##### #
###(...#.....####≈#.##.


You could see an endoplasm and a bat.

Vanquished Creatures
  A ball python (D:1)
  2 goblins (D:1)
  A hobgoblin (D:1)
  A kobold (D:1)
  A frilled lizard (D:1)
  A rat (D:1)
7 creatures vanquished.

Notes
Turn   | Place    | Note
-------+----------+-------------------------------------------
     0 | D:1      | Mickster the Minotaur Berserker began the quest for the
                  | Orb.
     0 | D:1      | Reached XP level 1. HP: 19/19 MP: 0/0
    54 | D:1      | Reached skill level 4 in Axes
    54 | D:1      | Reached XP level 2. HP: 12/27 MP: 1/1
    55 | D:1      | HP: 1/27 [frozen (5)]
    56 | D:1      | Slain by a bat

Illustrated notes

Levels and vault maps discovered:
D:1:      enne_arrival_octagon_isle, layout_basic

Skill      XL: |  1 |
---------------+----+-----
Axes           | 4 |  4.0
Fighting       | |  3.9
Armour         | |  2.5
Dodging        | |  2.2

Action                     || total
---------------------------++-------
  Melee: Hand axe          ||    17
         Headbutt          ||     3
 Armour: Animal skin       ||     6
  Dodge: Dodged            ||    12

Table legend: (Time is in decaauts)
 A = Elapsed time spent in this place.
 B = Non-inter-level travel time spent in this place.
 C = Inter-level travel time spent in this place.
 D = Time resting spent in this place.
 E = Time spent auto-exploring this place.
 F = Levels seen in this place.
 G = Mean time per level.
                   A        B        C        D        E       F      G
               +--------+--------+--------+--------+--------+-----+--------+
         Total |     59 |     59 |      0 |      0 |      0 |   1 |   59.0 |
       Dungeon |     59 |     59 |      0 |      0 |      0 |   1 |   59.0 |
               +--------+--------+--------+--------+--------+-----+--------+

Top non-repeatable levels by time:
     D:1: 59 daAuts
